 Dungeon Crawl Stone Soup version 0.21-a0-525-ga34b322 (webtiles) character file.

56795 KristoblXynda the Nimble (level 14, -10/118 HPs)
             Began as a Red Draconian Artificer on Dec 7, 2017.
             Was the Champion of Yredelemnul.
             Killed by divine providence
             ... invoked by an orc priest
              (13 damage)
             ... on level 2 of the Orcish Mines.
             The game lasted 01:10:21 (25494 turns).

KristoblXynda the Nimble (Red Draconian Artificer) Turns: 25494, Time: 01:10:22

Health: -10/118    AC: 16    Str: 17    XL:     14   Next: 43%
Magic:  0/21       EV: 20    Int: 12    God:    Yredelemnul [******]
Gold:   2196       SH:  5    Dex: 13    Spells: 18/23 levels left

rFire    + + +     SeeInvis +   y - +5 flail (drain)
rCold    + . .     Gourm    .   I - +0 buckler
rNeg     + . .     Faith    .   (armour unavailable)
rPois    +         Spirit   +   h - +1 hat
rElec    +         Reflect  .   S - +1 cloak of Distant Shores {*Contam rPois rN+ SInv}
rCorr    +         Harm     .   T - +2 pair of gloves {Dex+3}
MR       +....     Rnd*Rage +   R - +1 pair of boots
Stlth    +++.......             H - amulet of guardian spirit
HPRegen  0.29/turn              X - ring of protection from fire
MPRegen  0.17/turn              (no ring)

@: resistant
A: breathe fire, unfitting armour, fangs 1, berserk 1, blurry vision 1, clumsy
1, dopey 1, fire resistance 1, cold-blooded, AC +8
a: Breathe Fire, Recall Undead Slaves, Injury Mirror, Animate Dead, Drain Life,
Enslave Soul, Renounce Religion


You were on level 2 of the Orcish Mines.
You worshipped Yredelemnul.
Yredelemnul was exalted by your worship.
You were not hungry.

You visited 3 branches of the dungeon, and saw 20 of its levels.
You also visited: Labyrinth and Sewer.

You collected 2246 gold pieces.
You spent 50 gold pieces at shops.

Inventory:

Hand Weapons
 y - a +5 flail of draining (weapon)
 E - a +4 flail of flaming
Missiles
 u - 8 javelins
 G - a throwing net (quivered)
Armour
 h - a +1 hat (worn)
 I - a +0 buckler (worn)
 R - a +1 pair of boots (worn)
 S - the +1 cloak of Distant Shores (worn) {*Contam rPois rN+ SInv}
   (You found it in a labyrinth)

   It protects you from poison.
   It protects you from negative energy.
   It lets you see invisible.
   It causes magical contamination when unequipped.
 T - a +2 pair of gloves of dexterity (worn)
Jewellery
 H - an amulet of guardian spirit (around neck)
 X - a ring of protection from fire (left hand)
Wands
 b - a wand of digging (11)
 x - a wand of disintegration (16)
 M - a wand of acid (10)
 N - a wand of paralysis (20)
 V - a wand of clouds (2)
Scrolls
 e - 3 scrolls of fear
 i - 10 scrolls of remove curse
 j - a scroll of magic mapping
 l - 2 scrolls of blinking
 m - 4 scrolls of teleportation
 p - 3 scrolls of amnesia
 L - 4 scrolls of summoning
Potions
 a - 3 potions of might
 d - a potion of invisibility
 r - 4 potions of agility
 s - 4 potions of haste {unknown}
 t - 4 potions of resistance
 w - a potion of cancellation {unknown}
 z - 2 potions of magic
 A - 3 potions of flight
 B - 7 potions of brilliance
 K - a potion of ambrosia {unknown}
Comestibles
 f - 11 bread rations
 g - 5 royal jellies
 n - 6 meat rations


   Skills:
 - Level 9.0 Fighting
   Level 1.0 Short Blades
 - Level 12.0 Maces & Flails
 - Level 5.1 Throwing
 + Level 12.4 Dodging
 + Level 6.9 Stealth
 - Level 4.4 Shields
 + Level 5.0 Spellcasting
 + Level 5.5 Conjurations
 - Level 8.1 Invocations
 - Level 8.0 Evocations


You had 18 spell levels left.
You knew the following spells:

 Your Spells              Type           Power        Failure   Level  Hunger
a - Irradiate             Conj/Tmut      #.........   87%         5    ######.


Dungeon Overview and Level Annotations

Branches:
Dungeon (12/15)            Temple (0/1) D:6            Lair (6/6) D:11
 Shoals (0/4) Lair:3        Snake (0/4) Lair:4        Slime (0/5) Lair:6
    Orc (2/2) D:9             Elf (0/3) Orc:2

Altars:
Cheibriados
Elyvilon
Gozag
Hepliaklqana
Kikubaaqudgha
Makhleb
Okawaru
Yredelemnul
The Shining One

Shops:
D:11 *   Orc:2 :


Innate Abilities, Weirdness & Mutations

You can breathe blasts of fire.
Your fiery red scales are hard. (AC +8)
You cannot fit into any form of body armour.
Your flesh is heat resistant. (rF+)
You are cold-blooded and may be slowed by cold attacks.
You have very sharp teeth.
You tend to lose your temper in combat.
Scrolls take you a little longer to read.
You are clumsy. (Dex -2)
You are dopey. (Int -2)


Message History

The orc sorcerer is blasted.
You blow up the orc sorcerer!
Yredelemnul accepts your kill.
Your Spellcasting skill increases to level 5!
The orc warrior is engulfed in poison gas.
The orc warrior is poisoned.
What are your orders? t - Shout!
Orders for allies: a - Attack new target. r - Retreat! s - Stop attacking. g - Guard the area. f - Follow me.
Anything else - Cancel.
Gang up on whom?
Press: ? - help, Dir - move target cursor, f - orc priest
Aim: an orc priest, wielding a flail (unusually strong) Attack!
The orc priest mumbles some strange prayers to Beogh against you.
Beogh smites you!
You die...
Your body rises from the dead as a mindless zombie.

...#...Z...#
...#.#.Z...##
.......Z....#
.....##.##.##
....##.z.### .....#..##
###### ......W.#
##%o%o##### #......##
##%.##))o..## ......##
#@Z##o)))...# ......###
##V##..)##.#.∩#
...†..z.## #))##..## #
.# .........# #%##..o
...#....## #.##W..
#.#.#...#######.##...
........#.#..##.#####.
.......#..z............
..........#..##.#####..


You could see an orc warrior, an orc priest, a friendly vampire and a friendly
ogre zombie.

Vanquished Creatures
  Snorg (Orc:2)
  Josephine (Lair:4)
  A minotaur (Lab)
  3 hydras
  5 two-headed ogres
  3 orc high priests (Orc:2)
  Nergalle (Orc:1)
  Urug (Lair:4)
  A skeletal warrior (D:9)
  An unseen horror (D:12)
  2 orc knights (Orc:2)
  A deep elf mage (D:12)
  2 orc sorcerers (Orc:2)
  6 oklob plants
  2 ugly things (D:12)
  5 elephants (Lair:3)
  4 black mambas
  A freezing wraith (D:12)
  5 porcupines
  A rime drake (Lair:3)
  A centaur skeleton (D:12)
  7 spiny frogs
  An efreet (D:9)
  2 komodo dragons (Lair:4)
  5 trolls
  2 polar bears (Lair:6)
  5 blink frogs
  4 hornets
  3 dream sheep (Lair:6)
  6 hippogriffs
  8 spriggans
  4 wraiths
  A shadow (D:11)
  27 yaks
  4 basilisks
  A wyvern (D:12)
  2 hungry ghosts
  A steam dragon (Lair:3)
  13 soldier ants (Lair:3)
  An acid dragon (D:12)
  A spiny frog zombie (Lair:5)
  7 water moccasins
  13 orc warriors
  2 gnoll sergeants (D:9)
  3 phantoms
  3 ice beasts (D:11)
  A black bear (Lair:6)
  2 sky beasts
  6 ogres
  18 wolves
  A boggart (Lair:6)
  7 crocodiles
  8 centaurs
  4 big kobolds
  10 bullfrogs
  A wyvern zombie (D:8)
  7 scorpions
  6 killer bees
  3 howler monkeys
  9 wights
  An electric eel (Lair:1)
  6 crimson imps
  3 bullfrog zombies
  A centaur zombie (D:6)
  3 hounds
  A quasit (D:10)
  9 jellies
  A gnoll shaman (D:6)
  3 orc priests
  11 orc wizards
  8 iguanas
  Jessica (D:3)
  16 worker ants
  A hound zombie (D:8)
  A hound skeleton (D:9)
  A worker ant zombie (D:8)
  17 gnolls
  11 adders
  3 river rats (Sewer)
  17 oozes
  3 adder zombies
  3 worms (D:2)
  A dart slug (D:2)
  7 leopard geckos
  40 orcs
  3 giant cockroaches
  2 gnoll zombies (D:3)
  3 goblins
  4 hobgoblins
  4 jackals
  9 quokkas
  3 ball pythons
  12 bats
  12 frilled lizards
  A jackal skeleton (D:7)
  7 kobolds
  A leopard gecko skeleton (D:7)
  A quokka skeleton (D:6)
  3 rats
  A fungus (Lair:6)
  A plant (Lair:3)
493 creatures vanquished.

Vanquished Creatures (collateral kills)
  A hydra (Lair:5)
  A queen ant (Lair:3)
  3 orc knights (Orc:2)
  An oklob plant (Lair:1)
  A manticore (D:12)
  3 orc sorcerers (Orc:2)
  An elephant (Lair:3)
  A black mamba (Lair:3)
  A hornet (Lair:6)
  2 polar bears
  6 dream sheep (Lair:6)
  3 blink frogs
  A shadow (D:12)
  2 wraiths (Lair:4)
  5 spriggans (Lair:6)
  18 yaks
  A wyvern (Lair:6)
  A warg (Orc:2)
  A soldier ant (Lair:3)
  2 water moccasins
  A porcupine (Lair:2)
  2 orc warriors (Orc:2)
  2 black bears (Lair:6)
  2 boggarts (Lair:6)
  18 wolves
  An ogre (Orc:2)
  6 crocodiles
  2 bullfrogs
  A killer bee (D:10)
  An electric eel (Lair:6)
  2 jellies
  3 orc priests (Orc:2)
  A hound (D:12)
  6 orc wizards
  20 worker ants (Lair:3)
  2 oozes (Lair:5)
  8 orcs
  18 fungi
  7 plants
158 creatures vanquished.

Vanquished Creatures (others)
  A two-headed ogre (D:9)
  A skeletal warrior (Orc:2)
  3 flayed ghosts
  3 phantasmal warriors
  An ugly thing (D:12)
  4 wraiths
  A vampire (Orc:2)
  5 yaks (Lair:1)
  2 spiny frog zombies
  2 gnoll sergeants (D:9)
  2 dream sheep zombies (Lair:6)
  An ogre (D:9)
  8 orc zombies
  A centaur (D:11)
  A crocodile (Lair:1)
  A porcupine zombie (Lair:1)
  A hippogriff zombie (Lair:1)
  A warg zombie (Orc:2)
  6 yak zombies
  A killer bee (D:8)
  3 wights
  10 wolf zombies
  An orc priest (D:4)
  A porcupine skeleton (Lair:1)
  3 crocodile zombies
  A crocodile skeleton (Lair:6)
  A mummy (Orc:2)
  3 worker ant zombies (Lair:3)
  An orc (D:4)
  4 gnoll zombies (Orc:2)
  11 fungi
  3 plants (D:11)
88 creatures vanquished.

Grand Total: 739 creatures vanquished

Notes
Turn   | Place    | Note
-------+----------+-------------------------------------------
     0 | D:1      | KristoblXynda the Draconian Artificer began the quest for the Orb.
     0 | D:1      | Reached XP level 1. HP: 16/16 MP: 3/3
    95 | D:1      | Reached skill level 1 in Stealth
   547 | D:1      | Reached XP level 2. HP: 17/23 MP: 4/4
  1386 | D:2      | Found a glowing golden altar of the Shining One.
  1418 | D:2      | Reached XP level 3. HP: 28/28 MP: 5/5
  1476 | D:2      | Reached XP level 4. HP: 4/35 MP: 6/6
  2052 | D:2      | Reached skill level 1 in Maces & Flails
  2464 | D:2      | Found a burning altar of Makhleb.
  2468 | D:2      | Found a white marble altar of Elyvilon.
  2474 | D:2      | Found a snail-covered altar of Cheibriados.
  2545 | D:3      | Found an opulent altar of Gozag.
  2548 | D:3      | Noticed Jessica
  2570 | D:3      | Killed Jessica
  2571 | D:3      | Found a hazy altar of Hepliaklqana.
  2689 | D:3      | Reached XP level 5. HP: 32/40 MP: 8/8
  3277 | D:3      | Found a basalt altar of Yredelemnul.
  3285 | D:3      | Became a worshipper of Yredelemnul the Dark
  3776 | D:4      | Reached XP level 6. HP: 20/47 MP: 9/9
  5368 | D:5      | Entered Level 5 of the Dungeon
  5382 | D:5      | Found a glowing drain.
  5402 | Sewer    | Entered a sewer
  5782 | Sewer    | Your scales start taking on a fiery red colour.
  5782 | Sewer    | Reached XP level 7. HP: 33/52 MP: 10/10
  5782 | Sewer    | Gained mutation: Your flesh is heat resistant. (rF+) [Red Draconian growth]
  5855 | Sewer    | Found a glowing silver altar of Zin.
  5962 | D:5      | Reached skill level 5 in Evocations
  6462 | D:5      | You fall through a shaft for 2 floors!
  6531 | D:6      | Reached * piety under Yredelemnul
  6641 | D:6      | Noticed a hungry ghost
  6652 | D:6      | Killed a hungry ghost
  6729 | D:6      | Reached XP level 8. HP: 55/59 MP: 12/12
  6986 | D:6      | Found a staircase to the Ecumenical Temple.
  7566 | D:7      | Reached skill level 5 in Stealth
  7593 | D:7      | Reached skill level 5 in Dodging
  7930 | D:7      | Found an ancient bone altar of Kikubaaqudgha.
  8007 | D:7      | Reached skill level 1 in Invocations
  8299 | D:7      | Reached skill level 5 in Maces & Flails
  8307 | D:7      | Reached ** piety under Yredelemnul
  8819 | D:8      | Reached XP level 9. HP: 26/64 MP: 13/13
 10348 | D:9      | Noticed a two-headed ogre
 10357 | D:9      | Noticed an efreet
 10522 | D:9      | Noticed a two-headed ogre
 10529 | D:9      | Killed a two-headed ogre
 10529 | D:9      | Reached skill level 5 in Invocations
 10558 | D:9      | Killed a two-headed ogre
 10558 | D:9      | Reached XP level 10. HP: 10/71 MP: 14/16
 10891 | D:9      | Noticed a skeletal warrior
 10908 | D:9      | Killed a skeletal warrior
 11231 | D:9      | Noticed a two-headed ogre
 11238 | D:9      | Killed a two-headed ogre
 11355 | D:9      | Reached *** piety under Yredelemnul
 11583 | D:9      | Found a staircase to the Orcish Mines.
 11629 | D:9      | HP: 4/106 [troll (9)]
 12132 | D:10     | Entered Level 10 of the Dungeon
 12195 | D:10     | Noticed a two-headed ogre
 13071 | D:10     | Killed a two-headed ogre
 13071 | D:10     | Reached XP level 11. HP: 55/77 MP: 12/17
 13730 | D:11     | Noticed an oklob plant
 13780 | D:11     | Found a staircase to the Lair.
 13963 | D:11     | Paralysed by a hornet for 3 turns
 13965 | D:11     | Reached skill level 1 in Shields
 14040 | D:11     | Noticed a two-headed ogre
 14046 | D:11     | Reached skill level 1 in Throwing
 14046 | D:11     | Received a gift from Yredelemnul (a wight)
 14110 | D:11     | Found Qausonurch's Assorted Antiques.
 14118 | D:11     | Bought a wand of paralysis (6) for 50 gold pieces
 15244 | D:11     | Gained mutation: Scrolls take you a little longer to read. [mutagenic meat]
 15245 | D:11     | Gained mutation: You are clumsy. (Dex -2) [mutagenic meat]
 15246 | D:11     | Gained mutation: You have very sharp teeth. [mutagenic meat]
 15247 | D:11     | Gained mutation: You are dopey. (Int -2) [mutagenic meat]
 15361 | D:11     | Killed a two-headed ogre
 15404 | D:12     | Killed an unseen horror
 15671 | D:12     | Noticed a cyan ugly thing
 15683 | D:12     | Killed a cyan ugly thing
 15686 | D:12     | Noticed a deep elf mage
 15717 | D:12     | Killed a deep elf mage
 15717 | D:12     | Reached **** piety under Yredelemnul
 15814 | D:12     | Noticed a brown ugly thing
 15815 | D:12     | Noticed a brown ugly thing
 15821 | D:12     | Killed a red ugly thing
 15821 | D:12     | Received a gift from Yredelemnul (a wight)
 15827 | D:12     | Reached skill level 10 in Maces & Flails
 15897 | D:12     | Gained mutation: You tend to lose your temper in combat. [mutagenic meat]
 16031 | D:12     | Noticed a centaur warrior
 16032 | D:12     | Noticed a sphinx
 16142 | D:11     | Killed an oklob plant
 16142 | D:11     | Reached XP level 12. HP: 54/84 MP: 12/18
 16268 | Lair:1   | Entered Level 1 of the Lair of Beasts
 16269 | Lair:1   | Noticed a seven-headed hydra
 16290 | Lair:1   | Killed a seven-headed hydra
 16973 | Lair:1   | Received a gift from Yredelemnul (a wraith)
 16990 | Lair:1   | Reached skill level 10 in Dodging
 17086 | Lair:1   | Found an iron altar of Okawaru.
 17111 | Lair:1   | Reached skill level 5 in Throwing
 18155 | Lair:2   | Received a gift from Yredelemnul (a mummy)
 18968 | Lair:3   | Found a labyrinth entrance.
 18976 | Lab      | Entered a labyrinth
 19152 | Lab      | Noticed a minotaur
 19158 | Lab      | Killed a minotaur
 19158 | Lab      | Reached skill level 5 in Fighting
 19189 | Lab      | Got a bloodstained cloak
 19224 | Lab      | Identified the +1 cloak of Distant Shores {*Contam rPois rN+ SInv} (You found it in a labyrinth)
 19525 | Lair:3   | Noticed a queen ant
 19527 | Lair:3   | Reached ***** piety under Yredelemnul
 19538 | Lair:3   | Killed a queen ant
 19772 | Lair:3   | Received a gift from Yredelemnul (a wraith)
 19936 | Lair:3   | Reached XP level 13. HP: 97/103 MP: 12/19
 20130 | Lair:3   | Found the +2 Maxwell's thermic engine {flame, freeze, rF- rC-}
 20204 | Lair:3   | Found a staircase to the Shoals.
 20717 | Lair:4   | Noticed Urug
 20728 | Lair:4   | Killed Urug
 21269 | Lair:4   | Found a staircase to the Snake Pit.
 21270 | Lair:4   | Noticed Josephine
 21279 | Lair:4   | Killed Josephine
 21485 | Lair:4   | Your ally Urug died
 21490 | Lair:4   | Received a gift from Yredelemnul (a wraith)
 21542 | Lair:4   | Learned a level 5 spell: Irradiate
 22100 | Lair:5   | Reached skill level 1 in Conjurations
 22109 | Lair:5   | Received a gift from Yredelemnul (a wight)
 22185 | Lair:5   | Reached skill level 1 in Spellcasting
 22370 | Lair:5   | Received a gift from Yredelemnul (a phantasmal warrior)
 22863 | Lair:5   | Received a gift from Yredelemnul (a vampire)
 22898 | Lair:6   | Entered Level 6 of the Lair of Beasts
 23157 | Lair:6   | Found a staircase to the Slime Pits.
 23173 | Lair:6   | Received a gift from Yredelemnul (a skeletal warrior)
 23551 | Lair:6   | Received a gift from Yredelemnul (a phantasmal warrior)
 23782 | Lair:6   | Received a gift from Yredelemnul (a wraith)
 23853 | Lair:6   | Reached XP level 14. HP: 45/118 MP: 8/20
 23856 | Lair:6   | Reached ****** piety under Yredelemnul
 23892 | Lair:6   | Received a gift from Yredelemnul (a flayed ghost)
 24706 | Orc:1    | Entered Level 1 of the Orcish Mines
 24706 | Orc:1    | Noticed Nergalle
 24717 | Orc:1    | Received a gift from Yredelemnul (a flayed ghost)
 24718 | Orc:1    | Killed Nergalle
 24727 | Orc:1    | Received a gift from Yredelemnul (a flayed ghost)
 25132 | Orc:2    | Entered Level 2 of the Orcish Mines
 25163 | Orc:2    | Received a gift from Yredelemnul (a phantasmal warrior)
 25290 | Orc:2    | Found a staircase to the Elven Halls.
 25290 | Orc:2    | Noticed Snorg
 25300 | Orc:2    | Killed Snorg
 25300 | Orc:2    | Reached skill level 5 in Conjurations
 25431 | Orc:2    | Found Eliucac's Book Emporium.
 25490 | Orc:2    | HP: 2/118 [orc high priest/divine providence (16)]
 25491 | Orc:2    | Received a gift from Yredelemnul (a vampire)
 25493 | Orc:2    | Reached skill level 5 in Spellcasting
 25494 | Orc:2    | Killed from afar by an orc priest

Vault maps used:
D:1:      roderic_crop_circles_arrival_small
D:2:      marbit_many_paths, minmay_overflow_temple_star_quad, st_stairs_5,
          corexii_shack
D:3:      lemuel_zombie_altar_yredelemnul, grunt_temple_overflow_open,
          uniq_jessica
D:5:      cheibrodos_sewer_entry_sluice, first_bread, minmay_splitting_lines,
          feat_on_display
D:6:      minmay_temple_entry_from_below_a, fountainhead, minmay_lizard_king
D:7:      kiku_gazebo_pond_becter, dk_noncrumbling_4, the_bakery
D:8:      serial_co_window_serial, co_window_paths_a,
          co_window_of_opportunity_a, co_window_of_opportunity_a,
          co_window_corner_a, co_window_of_opportunity_a, co_window_paths_b,
          co_window_paths_a, co_window_broadway_c, co_window_cross_3,
          co_window_of_opportunity_b, co_window_unsneaky_path_e,
          co_window_broadway_c, co_window_broadway_c, glass_columns_b
D:9:      kennysheep_orc_monster_closet_entryway, minivault_28
D:11:     dpeg_oklobed_lair, serial_shops, shop
D:12:     hangedman_cross_veins, guppyfry_shop_earth
Lair:1:   dpeg_oklob_gauntlet, basic_altar, infiniplex_staircase_pool,
          grunt_megastairs_4, lemuel_fruit_tree
Lair:3:   shoals_dummy_entry, lab_entry_generic, st_stairs_13, zaba_anthell,
          infiniplex_staircase_pool_2, minmay_lair_oklob_chamber
Lair:4:   dummy_snake_entry, uniq_josephine, uniq_urug
Lair:5:   lemuel_slime
Lair:6:   minmay_lair_end_enchanted_forest, nicolae_slime_entry_slimehenge,
          nicolae_quartered_pool_super, st_stairs_7
Orc:1:    uniq_nergalle
Orc:2:    st_orc_elflike, uniq_snorg
Lab:      labyrinth_mini_lab, nicolae_lab_diamond
Sewer:    sewer_kobolds

Skill      XL: |  1  2  3  4  5  6  7  8  9 10 11 12 13 14 |
---------------+-------------------------------------------+-----
Stealth        | 1 2 3 4 5 6 |  6.9
Dodging        | 2 3 4 5 6 8 9 10 12 | 12.4
Maces & Flails | 1 2 3 4 5 7 8 10 11 12 | 12.0
Evocations     | 4 5 6 8 |  8.0
Invocations    | 2 5 8 |  8.1
Shields        | 4 |  4.4
Throwing       | 4 5 |  5.1
Fighting       | 6 9 |  9.0
Conjurations   | 3 5 |  5.5
Spellcasting   | 3 5 |  5.0
Short Blades   | |  1.0

Action                   |  1- 3 |  4- 6 |  7- 9 | 10-12 | 13-15 || total
-------------------------+-------+-------+-------+-------+-------++-------
Melee: Short sword       |    67 |       |       |       |       ||    67
       Tailslap          |     8 |    24 |    33 |    80 |    86 ||   231
       Whip              |       |   205 |       |       |       ||   205
       Flail             |       |    78 |   451 |   789 |   543 ||  1861
       Bite              |       |       |       |    53 |    69 ||   122
Throw: Javelin           |       |       |     4 |    24 |       ||    28
       Throwing net      |       |       |       |       |     1 ||     1
Invok: Animate Dead      |       |       |       |    12 |    25 ||    37
       Recall Undead Sla |       |       |       |       |     1 ||     1
 Abil: Breathe Fire      |       |       |     6 |    29 |    14 ||    49
Evoke: Wand              |    14 |    18 |     2 |    32 |    12 ||    78
  Use: Potion            |       |     6 |     3 |     6 |     7 ||    22
       Scroll            |       |    13 |     8 |    17 |     7 ||    45
 Stab: Sleeping          |     2 |     6 |    13 |     5 |     5 ||    31
       Paralysed         |     1 |       |       |    15 |       ||    16
       Invisible         |       |     2 |       |       |       ||     2
       Confused          |       |     1 |       |       |       ||     1
       Distracted        |       |       |     1 |     4 |     5 ||    10
  Eat: Chunk             |     1 |    10 |    10 |    28 |    17 ||    66
       Bread ration      |       |     1 |       |       |       ||     1
       Fruit             |       |       |     2 |     7 |     8 ||    17
       Meat ration       |       |       |     1 |     2 |     1 ||     4
       Royal jelly       |       |       |       |     2 |     1 ||     3
Armor: Skin              |    23 |   113 |   160 |   217 |   142 ||   655
Dodge: Dodged            |    48 |   263 |   363 |   607 |   489 ||  1770
Block: Buckler           |       |       |       |    97 |   129 ||   226

Table legend:
 A = Spawn XP
 B = Non-spawn XP
 C = Spawn XP percentage of total XP
 D = Spawn monster count
 E = Non-spawn monster count
 F = Spawn count percentage of total count
 G = Total turns spent on level
                    A         B        C        D         E        F      G
               +---------+---------+-------+---------+---------+-------+---------
         Total |       0 |   81137 |   0.0 |       0 |     632 |   0.0 | 25494
               +---------+---------+-------+---------+---------+-------+---------
           D:1 |       0 |      15 |   0.0 |       0 |      10 |   0.0 |  1101
           D:2 |       0 |     120 |   0.0 |       0 |      28 |   0.0 |  1413
           D:3 |       0 |     125 |   0.0 |       0 |      21 |   0.0 |   878
           D:4 |       0 |     376 |   0.0 |       0 |      22 |   0.0 |  1976
           D:5 |       0 |     316 |   0.0 |       0 |       8 |   0.0 |   684
           D:6 |       0 |     664 |   0.0 |       0 |      25 |   0.0 |   912
           D:7 |       0 |     730 |   0.0 |       0 |      15 |   0.0 |  1081
           D:8 |       0 |     975 |   0.0 |       0 |      24 |   0.0 |  1483
           D:9 |       0 |    6111 |   0.0 |       0 |      49 |   0.0 |  2066
          D:10 |       0 |    2260 |   0.0 |       0 |      25 |   0.0 |  1462
          D:11 |       0 |    4610 |   0.0 |       0 |      28 |   0.0 |  2011
          D:12 |       0 |    5613 |   0.0 |       0 |      22 |   0.0 |   711
        Lair:1 |       0 |    7072 |   0.0 |       0 |      39 |   0.0 |  2030
        Lair:2 |       0 |    3105 |   0.0 |       0 |      19 |   0.0 |   896
        Lair:3 |       0 |    9356 |   0.0 |       0 |      65 |   0.0 |  1463
        Lair:4 |       0 |    7336 |   0.0 |       0 |      30 |   0.0 |  1322
        Lair:5 |       0 |    7647 |   0.0 |       0 |      56 |   0.0 |   957
        Lair:6 |       0 |   11265 |   0.0 |       0 |      69 |   0.0 |  1454
         Orc:1 |       0 |    2187 |   0.0 |       0 |      27 |   0.0 |   426
         Orc:2 |       0 |   10035 |   0.0 |       0 |      40 |   0.0 |   362
           Lab |       0 |    1071 |   0.0 |       0 |       1 |   0.0 |   250
         Sewer |       0 |     148 |   0.0 |       0 |       9 |   0.0 |   556
               +---------+---------+-------+---------+---------+-------+---------
